 Dungeon Crawl Stone Soup version 0.30-a0-358-g0d69a1922f (webtiles) character file.

Game seed: 13663314711447194977

18 gamesnag the Ducker (level 2, -3/14 HPs)
             Began as a Felid Berserker on Nov 10, 2022.
             Was a Follower of Kikubaaqudgha.
             Slain by Natasha (7 damage)
             ... on level 2 of the Dungeon.
             The game lasted 00:07:27 (1040 turns).

gamesnag the Ducker (Felid Berserker)               Turns: 1040, Time: 00:07:27

Health: -3/14      AC:  1    Str: 10 (13) XL:     2   Next: 48%
Magic:  3/3        EV: 18    Int:  8      God:    Kikubaaqudgha [*.....]
Gold:   53         SH:  0    Dex: 15      Spells: 1/1 levels left
                                        Lives:  0   Deaths: 0

rFire   . . .      SeeInvis +      - Unarmed
rCold   . . .      Faith    .    (shield unavailable)
rNeg    . . .      Spirit   .    (body armour unavailable)
rPois   .          Reflect  .    (helmet unavailable)
rElec   .          Harm     .    (cloak unavailable)
rCorr   .          Rampage  .    (gloves unavailable)
Will    +....                    (boots unavailable)
Stlth   ++........               (no amulet)
HPRegen 0.22/turn                d - ring of willpower
MPRegen 0.08/turn                (no ring)

@: quick
A: very small, claws 1, fangs 3, see invisible, speed 1, shaggy fur 1, stealthy
paws, no weapons or thrown items, no armour, multi-lived
a: Renounce Religion, Unearth Wretches


You were on level 2 of the Dungeon.
You worshipped Kikubaaqudgha.
Kikubaaqudgha was aware of your devotion.
You visited 1 branch of the dungeon, and saw 2 of its levels.

You collected 53 gold pieces.

Inventory:

Magical Staves
 a - a staff of conjuration
Jewellery
 d - a ring of willpower (left paw)
Scrolls
 c - 2 scrolls of poison {unknown}
 f - a scroll of torment {unknown}
 g - 2 scrolls of identify {unknown}
Potions
 b - a potion of heal wounds {unknown}
 e - a potion of might {unknown}
 h - a potion of degeneration {unknown}
 i - a potion of curing {unknown}


   Skills:
 + Level 3.4 Fighting
 + Level 4.2 Dodging
 + Level 0.4 Stealth
 + Level 3.2 Unarmed Combat


You had one spell level left.
You didn't know any spells.
Your spell library contained the following spells:

 Spells                   Type           Power      Damage    Failure   Level
 Kiss of Death            Conj/Necr      0%         2d5       41%         1
 Necrotise                Necr           0%         1d4       41%         1
 Cigotuvi's Dreadful Rot  Necr/Pois/Air  0%         N/A       54%         2
 Vampiric Draining        Necr           0%         2d6       78%         3


Dungeon Overview and Level Annotations

Branches:
Dungeon (2/15)

Altars:
Kikubaaqudgha

Annotations:
D:2 Natasha


Innate Abilities, Weirdness & Mutations

You have sharp claws.
You have razor-sharp teeth.
You have supernaturally acute eyesight. (SInv)
You cover ground quickly. (Speed+)
You are covered in fur. (AC +1)
Your paws help you pounce on unaware monsters.
You are incapable of wielding weapons or throwing items.
You cannot wear armour.
You gain extra lives every three experience levels.


Message History

You barely miss the goblin. The goblin closely misses you.
You closely miss the goblin. You scratch the goblin.
You kill the goblin!
Kikubaaqudgha accepts your kill.
Things that are here:
a +0 club; a goblin corpse
Found a robe.
h - a purple potion
Found 9 gold pieces.
i - a bubbling dark potion
Found two ring mails.
Found an escape hatch in the ceiling.
You now have 53 gold pieces (gained 9).
An endoplasm comes into view.
Found a scroll labelled TASUP VOPTOG.
g - 2 scrolls labelled TASUP VOPTOG (gained 1)
You open the door.
Natasha, Servant of Life and Death comes into view.
A giant cockroach comes into view.
Found 4 stones.
There is an open door here.
Natasha hisses angrily.
Natasha mumbles some strange words.
You scratch Natasha but do no damage. Natasha casts a spell at you.
The magic dart hits you!
Ouch! That really hurt!
* * * LOW HITPOINT WARNING * * *
The giant cockroach barely misses you.
You barely miss Natasha. Your bite misses Natasha.
The giant cockroach closely misses you. Natasha completely misses you.
You scratch Natasha but do no damage. The giant cockroach bites you.
* * * LOW HITPOINT WARNING * * *
The crimson imp blinks!
Natasha closely misses you.
You scratch the giant cockroach but do no damage.
The giant cockroach bites you but does no damage.
Natasha claws you!
Ouch! That really hurt!
You die...
Kikubaaqudgha rasps: "You have failed me!
Welcome... death!"

#.###)#. ..........#
#.....#. #.........#
####.... #........#
........### #........#
#######.# #........#
####### #.(......#
#...... #....§B..#####
#.#####
#....h@..'5..####.#####
#........###...........
########## #####....##.
#....# . #....# .
#..J..#. #.....#
#.....# #......


You could see Natasha, a crimson imp (summoned) and a giant cockroach.

Vanquished Creatures
  A bat (D:1)
  An endoplasm (D:1)
  A giant cockroach (D:1)
  A hobgoblin (D:1)
  2 quokkas (D:1)
  4 ball pythons (D:1)
  2 frilled lizards (D:1)
  A goblin (D:2)
  3 kobolds (D:1)
  A rat (D:1)
17 creatures vanquished.

Notes
Turn   | Place    | Note
-------+----------+-------------------------------------------
     0 | D:1      | gamesnag the Felid Berserker began the quest for the Orb.
     0 | D:1      | Reached XP level 1. HP: 10/10 MP: 2/2
     9 | D:1      | Found a faded altar of an unknown god.
    10 | D:1      | Noticed a floating eye
    12 | D:1      | Noticed an eye of devastation
    12 | D:1      | Noticed a shining eye
    12 | D:1      | Noticed a floating eye
    18 | D:1      | Prayed at the altar of an unknown god.
    18 | D:1      | Fell from the grace of Trog
    18 | D:1      | Became a worshipper of Kikubaaqudgha
    18 | D:1      | Reached * piety under Kikubaaqudgha
    18 | D:1      | Received a gift from Kikubaaqudgha
   251 | D:1      | Reached XP level 2. HP: 14/14 MP: 3/3
  1032 | D:2      | Noticed Natasha
  1037 | D:2      | Noticed a crimson imp
  1040 | D:2      | Slain by Natasha

Illustrated notes

Levels and vault maps discovered:
D:1:      dpeg_arrival_tiny_i, layout_basic, serial_curves, eino_curves_02,
          eino_curves_01, hellmonk_ecumenical_altar_watching_god
D:2:      layout_basic, uniq_natasha

Action                   || total
-------------------------++-------
Melee: Unarmed           ||    45
       Bite              ||     1
       Punch             ||     1
Armor: Skin              ||     6
Dodge: Dodged            ||    32

Table legend: (Time is in decaauts)
 A = Elapsed time spent in this place.
 B = Non-inter-level travel time spent in this place.
 C = Inter-level travel time spent in this place.
 D = Time resting spent in this place.
 E = Time spent auto-exploring this place.
 F = Levels seen in this place.
 G = Mean time per level.
                   A        B        C        D        E       F      G
               +--------+--------+--------+--------+--------+-----+--------+
         Total |    860 |    852 |      8 |     80 |    278 |   2 |  430.0 |
       Dungeon |    860 |    852 |      8 |     80 |    278 |   2 |  430.0 |
               +--------+--------+--------+--------+--------+-----+--------+

Top non-repeatable levels by time:
     D:1: 752 daAuts
     D:2: 107 daAuts
